 Dungeon Crawl Stone Soup version 0.21-a0-227-g58a7c62 (webtiles) character file.

587 Gorglomux the Changer (level 7, -4/48 HPs)
             Began as a Gnoll Transmuter on Aug 30, 2017.
             Was a Follower of Uskayaw.
             Slain by a black bear (7 damage)
             ... on level 3 of the Dungeon.
             The game lasted 00:06:50 (3994 turns).

Gorglomux the Changer (Gnoll Transmuter)            Turns: 3994, Time: 00:06:51

Health: -4/48      AC:  3    Str:  7    XL:     7   Next: 38%
Magic:  15/17      EV: 12    Int:  7    God:    Uskayaw [*.....]
Gold:   118        SH:  0    Dex:  7    Spells: 9/20 levels left

rFire    . . .     SeeInvis .     - Unarmed
rCold    + . .     Gourm    .   (no shield)
rNeg     . . .     Faith    .   b - +0 robe
rPois    .         Spirit   .   h - +0 helmet
rElec    .         Reflect  .   (no cloak)
rCorr    .         Harm     .   (no gloves)
MR       .....                  (no boots)
Stlth    +.........             (no amulet)
HPRegen  0.16/turn              c - ring of protection from cold
MPRegen  0.15/turn              (no ring)

@: no status effects
A: unchanging attributes, fangs 1, strong nose
a: Stomp, Renounce Religion


You were on level 3 of the Dungeon.
You worshipped Uskayaw.
Uskayaw was noncommittal.
You were very hungry.

You visited 1 branch of the dungeon, and saw 3 of its levels.

You collected 118 gold pieces.

Inventory:

Missiles
 a - 36 arrows
Armour
 b - a +0 robe (worn)
 h - a +0 helmet (worn)
Jewellery
 c - a ring of protection from cold (left hand)
Wands
 I - a wand of iceblast (5/15)
Scrolls
 g - a scroll of blinking {unknown}
 j - 2 scrolls of remove curse {unknown}
 k - 3 scrolls of identify {unknown}
 m - 2 scrolls of fog {unknown}
 t - a scroll of noise {unknown}
Potions
 l - a potion of ambrosia
 n - 2 potions of cancellation {unknown}
 p - a potion of brilliance {unknown}
 r - a potion of invisibility {unknown}
Books
 i - a book of Changes

   Spells                             Type                      Level
   a - Beastly Appendage              Transmutation                1
   b - Sticks to Snakes               Transmutation                2
   c - Spider Form                    Transmutation/Poison         3
   d - Ice Form                       Ice/Transmutation            4
   e - Blade Hands                    Transmutation                5
Comestibles
 d - a bread ration
 J - a royal jelly


   Skills:
 - Level 1.3 Fighting
 - Level 2.6 Dodging
 - Level 4.0 Unarmed Combat
 + Level 7.0 Spellcasting
 + Level 7.5 Transmutations
 - Level 3.0 Poison Magic


You had 9 spell levels left.
You knew the following spells:

 Your Spells              Type           Power        Failure   Level  Hunger
a - Beastly Appendage     Tmut           ##....       1%          1    #......
b - Sticks to Snakes      Tmut           ##......     1%          2    ##.....
c - Spider Form           Tmut/Pois      #.........   8%          3    ###....
d - Blade Hands           Tmut           ##........   28%         5    ######.


Dungeon Overview and Level Annotations

Branches:
Dungeon (3/15)

Altars:
Dithmenos
Okawaru
Uskayaw


Innate Abilities, Weirdness & Mutations

Your physical attributes are unchanging.
You have very sharp teeth.
Your uncanny sense of smell can sniff out nearby items.


Message History

The black bear is severely wounded!
The black bear completely misses you! x2; The black bear butt-ly misses you!
You maul the black bear but do no damage!
The black bear looks as sick as possible!!!
The black bear is severely wounded!
Your transformation has ended!
Your +0 helmet unmelds butt your body!
Your +0 robe unmelds butt your body!
The black bear bites you!!! The black bear claws you! x2
A black bear is nearby!!!
You are too injured to fight recklessly!!!
You are too injured to fight recklessly!!!
You closely miss the black bear!
The black bear is severely wounded!
The black bear bites you!!! * * * don't die
* * * The black bear claws you! * * * don't die
* * * The black bear barely misses you!
The black bear misses you!
The black bear claws butt!!! rip

...))................)
..#.#.#..........#..##
.................# ##
..##..#..........#
..##..#..........#
...#..#.###.####.#∆
......#.###.####>#
#..##.#.##.......#
#..##.#(##..###.@#
..)<..#.##..# #.h.$.#
...####.##..#
#......... ...# #(##..#
##....#.#.
...####.##..####.#.#.##
.......(...........##.#
.#.#######.#########
#.# ...# #.# .# ...#
#.#


You could see a black bear (berserk).

Vanquished Creatures
  The ghost of Gorglomux the Magician, an amateur GnTm (D:3)
  A hippogriff (D:3)
  An ice beast (D:3)
  2 orc priests (D:3)
  An orc wizard (D:3)
  2 adders
  2 worms
  3 dart slugs
  A leopard gecko (D:3)
  12 orcs
  2 giant cockroaches (D:1)
  4 goblins
  8 hobgoblins
  A jackal (D:2)
  2 kobolds
  2 quokkas (D:2)
  6 bats
  4 frilled lizards
  9 rats
64 creatures vanquished.

Notes
Turn   | Place    | Note
-------+----------+-------------------------------------------
     0 | D:1      | Gorglomux the Gnoll Transmuter began the quest for the Orb.
     0 | D:1      | Reached XP level 1. HP: 15/15 MP: 4/4
   111 | D:1      | Reached skill level 3 in Transmutations
   213 | D:1      | Reached XP level 2. HP: 16/21 MP: 4/6
   233 | D:1      | Learned a level 2 spell: Sticks to Snakes
  1053 | D:2      | Noticed a hand axe
  1054 | D:2      | Noticed a dagger
  1056 | D:2      | Found a hide-covered altar of Uskayaw.
  1107 | D:2      | Became a worshipper of Uskayaw the Reveler
  1143 | D:2      | Reached * piety under Uskayaw
  1153 | D:2      | Reached XP level 3. HP: 24/26 MP: 6/8
  1305 | D:2      | Learned a level 3 spell: Spider Form
  1488 | D:2      | Found a shadowy altar of Dithmenos.
  1496 | D:2      | Reached skill level 1 in Poison Magic
  1496 | D:2      | Reached ** piety under Uskayaw
  1959 | D:3      | Noticed Gorglomux's ghost (amateur GnTm)
  2007 | D:3      | Reached XP level 4. HP: 16/32 MP: 3/10
  2164 | D:3      | Reached skill level 3 in Poison Magic
  2191 | D:3      | Reached XP level 5. HP: 23/37 MP: 7/11
  2881 | D:3      | Noticed an ice beast
  3033 | D:3      | Found an iron altar of Okawaru.
  3033 | D:3      | Noticed a hippogriff
  3562 | D:3      | Killed a hippogriff
  3562 | D:3      | Reached skill level 6 in Transmutations
  3562 | D:3      | Reached XP level 6. HP: 23/43 MP: 1/14
  3709 | D:2      | Learned a level 5 spell: Blade Hands
  3754 | D:3      | Reached *** piety under Uskayaw
  3755 | D:3      | Killed Gorglomux's ghost
  3755 | D:3      | Reached skill level 6 in Spellcasting
  3755 | D:3      | Reached XP level 7. HP: 16/48 MP: 10/16
  3994 | D:3      | Slain by a black bear

Vault maps used:
D:1:      onia_arrival_pentagram, minmay_misc_feat_tower
D:2:      dancing_weapons_uskayaw, nicolae_dithmenos_shadow_blocks
D:3:      lemuel_coloured_pillars_altar, lemuel_round_altar, first_bread

Skill      XL: |  1  2  3  4  5  6  7 |
---------------+----------------------+-----
Transmutations | 3 4 6 7 |  7.5
Spellcasting   | 4 5 6 7 |  7.0
Poison Magic   | 2 3 |  3.0
Fighting       | |  1.3
Dodging        | |  2.6
Unarmed Combat | |  4.0

Action                   |  1- 3 |  4- 6 |  7- 9 || total
-------------------------+-------+-------+-------++-------
Melee: Unarmed           |   129 |    94 |    21 ||   244
       Bite              |     5 |     3 |       ||     8
       Kick              |     4 |       |       ||     4
       Headbutt          |     1 |       |       ||     1
       Punch             |     1 |       |       ||     1
 Cast: Beastly Appendage |    22 |       |       ||    22
       Spider Form       |     7 |    10 |     3 ||    20
       Sticks to Snakes  |       |    11 |       ||    11
       Blade Hands       |       |     1 |       ||     1
  Use: Potion            |     1 |       |       ||     1
 Stab: Paralysed         |       |     1 |       ||     1
  Eat: Chunk             |     5 |     9 |       ||    14
Armor: Robe              |    36 |     6 |       ||    42
       Skin              |     1 |     2 |     1 ||     4
Dodge: Dodged            |    93 |    77 |    25 ||   195

Table legend:
 A = Spawn XP
 B = Non-spawn XP
 C = Spawn XP percentage of total XP
 D = Spawn monster count
 E = Non-spawn monster count
 F = Spawn count percentage of total count
 G = Total turns spent on level
                    A         B        C        D         E        F      G
               +---------+---------+-------+---------+---------+-------+---------
         Total |       8 |     831 |   1.0 |       3 |      61 |   4.7 |  3994
               +---------+---------+-------+---------+---------+-------+---------
           D:1 |       0 |      27 |   0.0 |       0 |      14 |   0.0 |   960
           D:2 |       8 |      42 |  16.0 |       3 |      18 |  14.3 |  1975
           D:3 |       0 |     762 |   0.0 |       0 |      29 |   0.0 |  1059
               +---------+---------+-------+---------+---------+-------+---------
